 Dungeon Crawl Stone Soup version 0.31-a0-675-g238779eb0a (webtiles) character file.

Game seed: 16746149029121010189

256 Xavori the Sneak (level 6, -5/43 HPs)
             Began as an Octopode Chaos Knight on Sept 5, 2023.
             Was a Plaything of Xom.
             Slain by an ice beast (7 damage)
             ... on level 3 of the Dungeon.
             The game lasted 00:01:42 (8717 turns).

Xavori the Sneak (Octopode Chaos Knight)            Turns: 8717, Time: 00:01:43

Health: -5/43      AC:  3    Str: 11    XL:     6   Next: 15%
Magic:  6/6        EV: 13    Int: 15    God:    Xom [....*.]
Gold:   191        SH:  0    Dex: 13    Spells: 5/5 levels left

rFire   . . .        a - +0 short sword (chaos)
rCold   + . .        (no shield)
rNeg    . . .        (helmet restricted)
rPois   +            (no amulet)
rElec   .            (no ring)
rCorr   .            (no ring)
SInv    .            (no ring)
Will    +....        (no ring)
Stlth   ++++         (no ring)
HPRegen 0.27/turn    (no ring)
MPRegen 0.10/turn    (no ring)
                     (no ring)

%: no passive effects
@: no status effects
A: almost no armour, amphibious, 8 rings, camouflage 1, gelatinous body 1,
(nimble swimmer 1), tentacles, iridescent scales 1, cold resistance 1,
strong-willed 1, mutation resistance 1, poison resistance, wild magic 1
a: Renounce Religion


You were on level 3 of the Dungeon.
You worshipped Xom.
You were a beloved toy of Xom.
You visited 1 branch of the dungeon, and saw 3 of its levels.

You collected 191 gold pieces.

Inventory:

Hand Weapons
 a - a +0 short sword of chaos (weapon)
Missiles
 g - a throwing net
Talismans
 d - a flux talisman
Scrolls
 b - a scroll of butterflies
 c - a scroll of brand weapon {unknown}
 f - a scroll of enchant weapon {unknown}
Potions
 e - a potion of heal wounds
 h - a potion of berserk rage {unknown}


   Skills:
 + Level 3.8 Fighting
 + Level 3.8 Short Blades
 + Level 3.0 Dodging
 + Level 5.1 Stealth
 * Level 1.9 Shapeshifting


You had 5 spell levels left.
You didn't know any spells.
Your spell library contained the following spells:

 Spells                   Type           Power      Damage    Failure   Level
 Magic Dart               Conj           0%         1d3       34%         1
 Call Imp                 Summ           0%         N/A       47%         2
 Mephitic Cloud           Conj/Pois/Air  0%         N/A       71%         3
 Tukima's Dance           Hex            0%         N/A       71%         3
 Passage of Golubria      Tloc           0%         N/A       97%         4
 Yara's Violent Unravell  Hex/Tmut       0%         3d3       100%        5


Dungeon Overview and Level Annotations

Branches:
Dungeon (3/15)

Altars:
Xom

Shops:
D:1 *


Innate Abilities, Weirdness & Mutations

You cannot wear most types of armour.
You are amphibious.
You can wear up to eight rings at the same time.
Your skin changes colour to match your surroundings (Stealth+).
Your rubbery body absorbs attacks. (AC +1, EV +1)
((You are camouflaged when in or above water. (Stealth+)))
You have tentacles for arms and can constrict up to eight enemies at once.
You are partially covered in iridescent scales. (AC +2)
Your flesh is cold resistant. (rC+)
You are strong-willed. (Will+)
You are somewhat resistant to further mutation.
Your system is resistant to poisons. (rPois)
Your spells are a little harder to cast, but a little more powerful.


Message History

You hit the ice beast but do no damage.
The ice beast is lightly wounded.
The ice beast barely misses you.
You hit the ice beast but do no damage.
The ice beast seems to speed up.
The ice beast is lightly wounded.
The ice beast hits you. The ice beast freezes you. You resist.
The ice beast barely misses you.
Xom's power touches on a nearby monster.
The giant cockroach suddenly stops moving!
You are now a beloved toy of Xom.
The ice beast barely misses you. The ice beast barely misses you.
You hit the ice beast.
The ice beast suddenly seems more resistant.
Your squeeze misses the ice beast.
The ice beast is lightly wounded.
The ice beast closely misses you.
You hit the ice beast.
The ice beast is moderately wounded.
The ice beast hits you. The ice beast freezes you! You resist.
You are too injured to fight recklessly!
You hit the ice beast but do no damage.
The ice beast is moderately wounded.
Xom opens a gate.
The ice beast hits you. The ice beast freezes you. You resist.
You are too injured to fight recklessly!
You hit the ice beast but do no damage.
The ice beast seems to grow stronger.
The ice beast is moderately wounded.
The ice beast hits you.
* * * LOW HITPOINT WARNING * * *
The ice beast freezes you. You resist.
* * * LOW HITPOINT WARNING * * *
You are too injured to fight recklessly!
You hit the ice beast but do no damage.
The ice beast is moderately wounded.
The ice beast hits you.
* * * LOW HITPOINT WARNING * * *
The ice beast freezes you! You resist.
You die...
Xom chuckles heartily!

#.# #..# #.. #.# #..# #.#
#.# #..# #.# #.# #..# #.#
########.# #..#######.#
#........# #..........#
#.######.# .........#
#.#.#.#.#5#######.########.#
......B..KY@?.....# #.#
.#.#.#.#.#######.# ###.#
......)....# #....
#.#.#.#.#$## #.... ........#
.....#.# #.#.#.#.## ########
.......... #.#.# #.#.# ..
...


You could see an ice beast (fast, strong, resistant, ally target), a giant
cockroach (paralysed), a kobold and a friendly white imp (summoned).

Vanquished Creatures
  Grinder (D:3)
  2 adders (D:2)
  A worm (D:2)
  A dart slug (D:2)
  6 ball pythons
  5 bats
  3 endoplasms
  A giant cockroach (D:1)
  3 hobgoblins
  3 jackals (D:1)
  4 kobolds
  2 quokkas
  3 frilled lizards
  3 goblins
  3 rats
41 creatures vanquished.

Notes
Turn   | Place    | Note
-------+----------+-------------------------------------------
     0 | D:1      | Xavori the Octopode Chaos Knight began the quest for the
                  | Orb.
     0 | D:1      | Reached XP level 1. HP: 16/16 MP: 1/1
    69 | D:1      | Reached XP level 2. HP: 14/21 MP: 2/2
   153 | D:1      | Found Foshryi's General Store.
   293 | D:1      | XOM: silly message
   871 | D:1      | XOM: silly message
  1095 | D:1      | XOM: silly message
  1319 | D:1      | XOM: divination: detect items
  1624 | D:1      | XOM: divination: detect creatures
  1746 | D:1      | XOM: silly message
  3050 | D:1      | XOM is BORED!
  3050 | D:1      | XOM: silly message
  3096 | D:1      | XOM: silly message
  3122 | D:1      | XOM: silly message
  3244 | D:1      | XOM: divination: detect items
  3566 | D:1      | XOM: silly message
  3602 | D:1      | XOM: noise
  3676 | D:1      | XOM is BORED!
  3676 | D:1      | XOM: noise
  4342 | D:1      | XOM is BORED!
  4342 | D:1      | XOM: noise
  4554 | D:1      | XOM: noise
  5125 | D:1      | XOM: god gift: 21 gold pieces
  5379 | D:1      | XOM: noise
  5512 | D:1      | XOM: noise
  5585 | D:1      | XOM: give mutations
  5585 | D:1      | Gained mutation: You expend magic power (3 MP) to
                  | strengthen your wands. [Xom's grace]
  5585 | D:1      | Gained mutation: You are strong-willed. (Will+) [Xom's
                  | grace]
  5718 | D:1      | XOM: noise
  6037 | D:1      | XOM: give mutation
  6037 | D:1      | Lost mutation: You expend magic power (3 MP) to strengthen
                  | your wands. [Xom's mischief]
  6057 | D:1      | XOM: scenery: summon butterflies
  6066 | D:1      | XOM: scenery: create altars
  6332 | D:1      | XOM: cloud trail
  6362 | D:1      | XOM is BORED!
  6362 | D:1      | XOM: stat loss: -1 Str (10/11)
  6586 | D:1      | XOM: god gift: 49 gold pieces
  6644 | D:1      | XOM: god gift: scroll labelled YSEMIS YNGI {god gift}
  7282 | D:1      | XOM: give mutation
  7282 | D:1      | Gained mutation: Your spells are a little harder to cast,
                  | but a little more powerful. [Xom's grace]
  7431 | D:1      | XOM: give mutations
  7431 | D:1      | Gained mutation: Your system is resistant to poisons.
                  | (rPois) [Xom's grace]
  7431 | D:1      | Gained mutation: You are partially covered in iridescent
                  | scales. (AC +2) [Xom's grace]
  7431 | D:1      | Gained mutation: You are somewhat resistant to further
                  | mutation. [Xom's grace]
  7431 | D:1      | Gained mutation: Your flesh is cold resistant. (rC+) [Xom's
                  | grace]
  7484 | D:2      | Reached skill level 1 in Stealth
  7485 | D:2      | Reached XP level 3. HP: 23/26 MP: 3/3
  7691 | D:2      | Found a faded altar of an unknown god.
  7876 | D:2      | Reached skill level 2 in Stealth
  8205 | D:3      | XOM: cloud trail
  8404 | D:3      | Reached XP level 4. HP: 31/31 MP: 4/4
  8517 | D:3      | Noticed Grinder
  8533 | D:3      | XOM: potion effect (attraction)
  8550 | D:3      | Killed Grinder
  8551 | D:3      | Reached skill level 5 in Stealth
  8551 | D:3      | Reached skill level 1 in Shapeshifting
  8551 | D:3      | Reached XP level 5. HP: 24/37 MP: 5/5
  8551 | D:3      | Reached XP level 6. HP: 28/43 MP: 6/6
  8695 | D:3      | Noticed an ice beast
  8710 | D:3      | XOM: enchant monster (good)
  8715 | D:3      | XOM: summons friendly white imp
  8717 | D:3      | HP: 2/43 [ice beast (6)]
  8717 | D:3      | Slain by an ice beast

Illustrated notes

Levels and vault maps discovered:
D:1:      lemuel_arrival_river_ford, layout_rooms, serial_shops, shop,
          minmay_fountain_box
D:2:      layout_basic, hellmonk_ecumenical_altar_inner_sanctum, minivault_23,
          fountainhead, minmay_misc_feat_rows
D:3:      minmay_skewed_foursquare, layout_loops_ring, st_stairs_11,
          uniq_grinder

Skill      XL: |  1  2  3  4 |
---------------+-------------+-----
Stealth        | 1 2 5 |  5.1
Dodging        | 3 |  3.0
Shapeshifting  | 1 |  1.9
Fighting       | |  3.8
Short Blades   | |  3.8

Action                     |  1- 3 |  4- 6 || total
---------------------------+-------+-------++-------
  Melee: Short sword       |    72 |    48 ||   120
         Tentacles         |    12 |     5 ||    17
         Punch             |     3 |       ||     3
         Constrict         |    12 |     8 ||    20
    Use: Scroll            |     1 |       ||     1
         Potion            |       |     1 ||     1
   Stab: Sleeping          |     6 |       ||     6
         Distracted        |     1 |       ||     1
 Armour: Skin              |    27 |    18 ||    45
  Dodge: Dodged            |    39 |    30 ||    69

Table legend: (Time is in decaauts)
 A = Elapsed time spent in this place.
 B = Non-inter-level travel time spent in this place.
 C = Inter-level travel time spent in this place.
 D = Time resting spent in this place.
 E = Time spent auto-exploring this place.
 F = Levels seen in this place.
 G = Mean time per level.
                   A        B        C        D        E       F      G
               +--------+--------+--------+--------+--------+-----+--------+
         Total |   8697 |   8655 |     42 |   7044 |   1314 |   3 | 2899.0 |
       Dungeon |   8697 |   8655 |     42 |   7044 |   1314 |   3 | 2899.0 |
               +--------+--------+--------+--------+--------+-----+--------+

Top non-repeatable levels by time:
     D:1: 7426 daAuts
     D:3: 659 daAuts
     D:2: 611 daAuts
